 Dungeon Sprint DCSS version 0.30.0-29-ga12c61a403 (webtiles) character file.

Game seed: 14890498425324111740

289 LynnLen the Covert (level 6, -8/28 HPs)
             Began as a Spriggan Enchanter on June 8, 2023.
             Mangled by a slime creature (17 damage)
             ... in the Dungeon (Sprint I: "Red Sonja").
             The game lasted 00:01:01 (119 turns).

LynnLen the Covert (Spriggan Enchanter)              Turns: 119, Time: 00:01:02

Health: -8/28      AC:  2    Str:  4    XL:     6   Next: 9%
Magic:  2/16       EV: 17    Int: 18    God:
Gold:   178        SH:  0    Dex: 16    Spells: 10/18 levels left

rFire   . . .        a - +1 dagger
rCold   . . .        (no shield)
rNeg    . . .        b - +0 robe
rPois   .            (helmet restricted)
rElec   .            (no cloak)
rCorr   .            (gloves unavailable)
SInv    +            (boots unavailable)
Will    +....        (no amulet)
Stlth   +++++        (no ring)
HPRegen 0.24/turn    (no ring)
MPRegen 0.15/turn

%: no teleportation
@: very quick
A: very small, no large weapons, unfitting armour, see invisible, speed 3
a: no special abilities


You were in the Dungeon.
You visited 1 branch You collected 178 gold pieces.

Inventory:

Hand Weapons
 a - a +1 dagger (weapon)
Armour
 b - a +0 robe (worn)
Wands
 f - a wand of flame (16)
Scrolls
 i - a scroll of blinking
Potions
 c - a potion of invisibility
 d - a potion of curing
 e - a potion of heal wounds
 g - 2 potions of magic
 h - a potion of berserk rage
 j - a potion of lignification {unknown}


   Skills:
 - Level 1.1 Short Blades
 - Level 2.6 Dodging
 + Level 13.1 Stealth
 + Level 6.7 Spellcasting
 + Level 10.7 Hexes


You had 10 spell levels left.
You knew the following spells:

 Your Spells              Type           Power      Damage    Failure   Level
a - Ensorcelled Hibernat  Hex/Ice        50%        N/A       1%          2
b - Confusing Touch       Hex            44%        N/A       1%          3
c - Tukima's Dance        Hex            44%        N/A       1%          3

Your spell library contained the following spells:

 Spells                   Type           Power      Damage    Failure   Level
 Dazzling Flash           Conj/Hex       50%        N/A       3%          3


Dungeon Overview and Level Annotations

Branches:
Dungeon (1/1)

Altars:
Makhleb
Sif Muna
Vehumet
Wu Jian
Xom
Jiyva
Lugonu


Innate Abilities, Weirdness & Mutations

You are very small and have problems with some larger weapons.
You are too small for most types of armour.
You have supernaturally acute eyesight. (SInv)
You cover ground extremely quickly. (Speed+++)


Message History

a +0 scythe; a +0 robe; the human corpse of Sigmund
There is an open door here.
You see here a +0 giant spiked club.
Casting: Ensorcelled Hibernation (safe; 1% risk of failure)
Confirm with . or Enter, or press ? or * to list all spells.
Aiming: Ensorcelled Hibernation (safe; 1% risk of failure)
Press: ? - help, Shift-Dir - straight line, f/p - slime creature
Aim: a slime creature (chance to affect: 38%)
The slime creature resists with some effort.
Casting: Ensorcelled Hibernation (safe; 1% risk of failure)
Confirm with . or Enter, or press ? or * to list all spells.
Aiming: Ensorcelled Hibernation (safe; 1% risk of failure)
Press: ? - help, Shift-Dir - straight line, f/p - slime creature
Aim: a slime creature (chance to affect: 38%)
The slime creature resists with some effort.
Casting: Ensorcelled Hibernation (safe; 1% risk of failure)
Confirm with . or Enter, or press ? or * to list all spells.
Aiming: Ensorcelled Hibernation (safe; 1% risk of failure)
Press: ? - help, Shift-Dir - straight line, f/p - slime creature
Aim: a slime creature (chance to affect: 38%)
The slime creature resists with some effort.
The slime creature hits you!!
Ouch! That really hurt!
* * * LOW HITPOINT WARNING * * *
Casting: Ensorcelled Hibernation (safe; 1% risk of failure)
Confirm with . or Enter, or press ? or * to list all spells.
Aiming: Ensorcelled Hibernation (safe; 1% risk of failure)
Press: ? - help, Shift-Dir - straight line, f/p - slime creature
Aim: a slime creature (chance to affect: 38%)
The slime creature resists with some effort.
The slime creature barely misses you.
Casting: Ensorcelled Hibernation (safe; 1% risk of failure)
Confirm with . or Enter, or press ? or * to list all spells.
Aiming: Ensorcelled Hibernation (safe; 1% risk of failure)
Press: ? - help, Shift-Dir - straight line, f/p - slime creature
Aim: a slime creature (chance to affect: 38%)
The slime creature resists with some effort.
The slime creature hits you!
Ouch! That really hurt!
You die...

###################
#<.#.)'..#.)'..#__#
#..'..#.@J..#..'..+
#..#####'#####'#__#
#..# #..# #.# ##
#..# #### ##.# #..#
#+#_.+ #⌠⌠# +..._#
#### #_.#+# ##+


You could see a slime creature.

Vanquished Creatures
  Sigmund (D)
  An ogre (D)
  A jelly (D)
  Ijyb (D)
4 creatures vanquished.

Notes
Turn   | Place    | Note
-------+----------+-------------------------------------------
     0 | D        | LynnLen the Spriggan Enchanter began the quest for the Orb.
     0 | D        | Reached XP level 1. HP: 9/9 MP: 5/5
     6 | D        | Noticed Ijyb
    12 | D        | Killed Ijyb
    13 | D        | Reached skill level 7 in Stealth
    13 | D        | Reached skill level 5 in Hexes
    13 | D        | Reached XP level 2. HP: 13/13 MP: 5/7
    15 | D        | Noticed an ogre
    19 | D        | Killed an ogre
    20 | D        | Reached skill level 9 in Stealth
    20 | D        | Reached skill level 5 in Spellcasting
    20 | D        | Reached XP level 3. HP: 16/16 MP: 5/10
    20 | D        | Reached XP level 4. HP: 21/21 MP: 6/12
    21 | D        | Noticed Sigmund
    25 | D        | Killed Sigmund
    26 | D        | Reached skill level 12 in Stealth
    26 | D        | Reached skill level 10 in Hexes
    26 | D        | Reached XP level 5. HP: 24/24 MP: 6/15
    53 | D        | Found an ornate altar of the Wu Jian Council.
    53 | D        | Found a shimmering blue altar of Sif Muna.
    55 | D        | Found a radiant altar of Vehumet.
    60 | D        | Reached skill level 13 in Stealth
    60 | D        | Reached XP level 6. HP: 28/28 MP: 8/16
    63 | D        | Learned a level 2 spell: Ensorcelled Hibernation
    67 | D        | Learned a level 3 spell: Confusing Touch
    71 | D        | Learned a level 3 spell: Tukima's Dance
   106 | D        | Found a burning altar of Makhleb.
   106 | D        | Found a viscous altar of Jiyva.
   106 | D        | Found a shimmering altar of Xom.
   106 | D        | Found a corrupted altar of Lugonu.
   106 | D        | Noticed a slime creature
   119 | D        | Mangled by a slime creature

Illustrated notes

Levels and vault maps discovered:
D:        dungeon_sprint_1 [red_sonja_temple_1, red_sonja_temple_small_1]

Skill      XL: |  1  2  3  4  5 |
---------------+----------------+-----
Stealth        | 7 9 12 13 | 13.1
Spellcasting   | 3 5 6 |  6.7
Hexes          | 5 8 10 | 10.7
Short Blades   | |  1.1
Dodging        | |  2.6

Action                     |  1- 3 |  4- 6 || total
---------------------------+-------+-------++-------
  Melee: Dagger            |     4 |     2 ||     6
   Cast: Ensorcelled Hiber |       |     6 ||     6
    Use: Potion            |     2 |       ||     2
   Stab: Sleeping          |     2 |     2 ||     4
         Invisible         |     1 |       ||     1
  Dodge: Dodged            |     2 |     1 ||     3
